Cogmind - Beta 14 @@@ ROGUE MODE // 2024.09.03 @ 10:25:15 Player: drater Result: Destroyed by G-47 Trooper with Particle Gun Performance ------------- Evolutions (0) 0 Regions Visited (1) 200 Robots Destroyed (10) 50 Value Destroyed (231) 231 Prototype IDs (0) 0 Alien Tech Used (0) 0 Bonus (0) 0 TOTAL SCORE: 481 Bonus ------- None Cogmind --------- Core Integrity 0/250 Matter 280/300 Energy 125/125 System Corruption 0% Temperature Cool (9) Movement Flying (445) Ox5 Location -10/Materials Parts ------- > --- POWER (1) -------- Light Ion Engine > --- PROPULSION (2) --- Wheel Flight Unit > --- UTILITY (2) ------ Large Storage Unit Signal Interpreter > --- WEAPON (2) ------- (None) > --- INVENTORY (15) --- Ion Engine Light Ion Engine Light Treads Light Treads Light Treads Light Treads Wheel Wheel Wheel Hover Unit Flight Unit Small Storage Unit Large Storage Unit Sensor Array Sensor Array Peak State ------------ > --- POWER ------------ Ion Engine > --- PROPULSION ------- Wheel Wheel > --- UTILITY ---------- Large Storage Unit Signal Interpreter > --- WEAPON ----------- Assault Rifle Assault Rifle > --- INVENTORY -------- Light Ion Engine Light Ion Engine Light Treads Light Treads Light Treads Light Treads Hover Unit Small Storage Unit Large Storage Unit Sensor Array [Rating: 8] Favorites ----------- Power Ion Engine Engine Ion Engine Propulsion Wheel Wheel Wheel Flight Unit Flight Unit Utility Large Storage Unit Storage Large Storage Unit Processor Signal Interpreter Weapon Assault Rifle Ballistic Gun Assault Rifle Build | -11 -10 ------- Run | Yrd Mat Slots Evolved . | . . Power . | . . Propulsion . | . . Utility . | . . Weapon . | . . Parts Attached 13 | 6 7 Power 2 | 1 1 Engine 2 | 1 1 Core . | . . Reactor . | . . Propulsion 5 | 2 3 Treads . | . . Leg . | . . Wheel 4 | 2 2 Hover . | . . Flight 1 | . 1 Utility 4 | 1 3 Device . | . . Storage 2 | 1 1 Processor 2 | . 2 Hackware . | . . Protection . | . . Artifact . | . . Weapon 2 | 2 . Energy Gun . | . . Energy Cannon . | . . Ballistic Gun 2 | 2 . Ballistic Cannon . | . . Launcher . | . . Special Weapon . | . . Impact Weapon . | . . Slashing Weapon . | . . Piercing Weapon . | . . Special Melee Weapon . | . . Unidentified Prototypes . | . . Parts Lost 5 | . 5 Power 1 | . 1 Propulsion 2 | . 2 Utility . | . . Weapon 2 | . 2 Highest Loss Streak 5 | . 5 To Critical Strikes . | . . Average Slot Usage (%) 92 | . 92 Engine 12 | . 12 Wheel 26 | . 26 Storage 14 | . 14 Processor 14 | . 14 Ballistic Gun 23 | . 23 Peak Build Rating 8 | 6 8 Average Rating 6 | 4 6 On Entrance 3 | . 6 Naked Turns . | . . Heaviest Build 29 | 14 29 Greatest Support 20 | 20 20 Greatest Overweight (x) 5 | . 5 Average Overweight (x) . | . . Largest Inventory Capacity 15 | 8 15 Average Capacity 13 | 6 14 Most Carried 15 | 4 15 Average Carried 8 | 1 8 Final Capacity 15 | 8 15 Final Carried 15 | 3 15 Class Distribution -------------------- 100% | Mutant Dominant Class ---------------- Mutant | -10/Materials Resources | -11 -10 ----------- Run | Yrd Mat Matter Collected 513 | 254 259 Remotely . | . . Salvage Created 309 | . 309 Parts 22 | . 22 Haulers Intercepted 1 | . 1 Recyclers Shooed . | . . Parts Field Recycled . | . . Retrieved Matter . | . . Parts Self-Destructed . | . . Prevented . | . . Kills | -11 -10 ------- Run | Yrd Mat Combat Hostiles Destroyed 8 | . 8 Guns 8 | . 8 Classes Destroyed 4 | . 4 Hauler 1 | . 1 Watcher 1 | . 1 Swarmer 3 | . 3 Grunt 5 | . 5 Best Kill Streak 4 | . 4 Combat Bots Only 4 | . 4 Max Kills in Single Turn 1 | . 1 Gunslinging . | . . Exploded . | . . Melee . | . . Uniques/NPCs Destroyed . | . . Combat | -11 -10 -------- Run | Yrd Mat Hostile Shots Fired 79 | . 79 Missed 16 | . 16 Damage Taken 768 | . 768 Core 265 | . 265 Absorbed by Shields . | . . Core Remaining (%) 100 | 100 . Volleys Fired 46 | . 46 Largest 2 | . 2 Hottest 40 | . 40 Shots Fired 76 | . 76 Gun 76 | . 76 Cannon . | . . Launcher . | . . Special . | . . Kinetic 76 | . 76 Thermal . | . . Explosive . | . . Electromagnetic . | . . Robot Hit Streak 14 | . 14 Robot Miss Streak 3 | . 3 Penetration Max . | . . Secondary Targets . | . . Shots Hit Robots 51 | . 51 Core Hits 24 | . 24 Critical Kills . | . . Critical Parts Destroyed . | . . Critical Strikes . | . . Melee Attacks . | . . Impact . | . . Slashing . | . . Piercing . | . . Sneak Attacks . | . . Combat Hostiles . | . . Follow-up Attacks . | . . Damage Inflicted 609 | . 609 Guns 609 | . 609 Cannons . | . . Explosions . | . . Melee . | . . Ramming . | . . Kinetic 609 | . 609 Thermal . | . . Explosive . | . . Electromagnetic . | . . Impact . | . . Slashing . | . . Piercing . | . . Highest Corruption . | . . Average Corruption . | . . Corruption Purged . | . . Corruption Blocked . | . . Overload Shots . | . . Overflow Damage . | . . Projectiles . | . . Explosions . | . . Melee . | . . Knockbacks . | . . Impact . | . . Kinetic . | . . Secondary . | . . Self-Inflicted Damage . | . . Shots . | . . Rammed . | . . Targets Rammed . | . . Kicked . | . . Crushed . | . . Highest Temperature 20 | . 20 Average Temperature 10 | . 10 Received Heat Transfer 384 | . 384 Siege Activations . | . . Robots Corrupted . | . . Combat Hostiles . | . . Parts Fried . | . . Impact Corruptions . | . . Robots Melted . | . . Combat Hostiles . | . . Parts Melted . | . . Heat Transferred . | . . Parts Sabotaged . | . . Parts Stolen . | . . Parts Stripped . | . . Power Chain Reactions . | . . Alert | -11 -10 ------- Run | Yrd Mat Peak Influence 265 | . 265 Initial . | . . Average 83 | . 94 Maximum Alert Level 1 | . 1 Low Security (%) 78 | 100 75 Level 1 21 | . 24 Level 2 . | . . Level 3 . | . . Level 4 . | . . Level 5 . | . . High Security . | . . Max Security . | . . Squads Dispatched . | . . Investigation . | . . Extermination . | . . Reinforcement . | . . Assault . | . . Garrison . | . . Intercept . | . . Searches Triggered . | . . Construction Impeded . | . . Haulers Reinforced . | . . Active Scanning Responses . | . . Cargo Convoy Interrupts . | . . Stealth | -11 -10 --------- Run | Yrd Mat Distress Signals 4 | . 4 Communications Jammed . | . . Distress Signals . | . . Times Spotted 17 | . 17 Peak Tracking Total 7 | . 7 Tactical Retreats 1 | . 1 Traps | -11 -10 ------- Run | Yrd Mat Traps Triggered . | . . Indirectly . | . . Trap Hack Attempts . | . . Triggered . | . . Disarmed . | . . Reprogrammed . | . . Reused . | . . Traps Extracted . | . . Installed . | . . Triggered . | . . Machines | -11 -10 ---------- Run | Yrd Mat Machines Disabled . | . . Max in Single Turn . | . . Machines Repaired . | . . Machines Dismantled . | . . Machines Sabotaged . | . . Overloaded Fab Kills . | . . Hacking | -11 -10 --------- Run | Yrd Mat Machines Accessed . | . . Terminals . | . . Fabricators . | . . Repair Stations . | . . Recycling Units . | . . Scanalyzers . | . . Garrison Access . | . . Total Hacks . | . . Successful . | . . Failed . | . . Catastrophic . | . . Database Lockouts . | . . Manual . | . . Terminals . | . . Fabricators . | . . Repair Stations . | . . Recycling Units . | . . Scanalyzers . | . . Garrison Access . | . . Terminal Hacks . | . . Fabricator Hacks . | . . Repair Station Hacks . | . . Recycling Unit Hacks . | . . Scanalyzer . | . . Garrison Access Hacks . | . . Unauthorized Hacks . | . . Terminals . | . . Fabricators . | . . Repair Stations . | . . Recycling Units . | . . Scanalyzers . | . . Garrison Access . | . . Data Cores Recovered . | . . Used . | . . Hacking Detections . | . . Full Trace Events . | . . Feedback Events . | . . Feedback Blocked . | . . Robot Schematics Acquired . | . . Robots Built . | . . Authchips . | . . Time . | . . Total Robot Build Rating . | . . Part Schematics Acquired . | . . Parts Built . | . . Authchips . | . . Time . | . . Total Part Build Rating . | . . Parts Repaired . | . . Time . | . . Parts Recycled . | . . Recycled Matter . | . . Retrieved Matter . | . . Retrieved Components . | . . Parts Scanalyzed . | . . Part Schematics Acquired . | . . Parts Damaged . | . . Bothacking | -11 -10 ------------ Run | Yrd Mat Used RIF Installer . | . . Robots Hacked . | . . Non-combat . | . . Combat . | . . Robot Hacks Applied . | . . Relay Couplers Released . | . . Fabnet Peak Effective % . | . . Robots Rewired . | . . Allies Hacked . | . . Hacks Repelled . | . . Allies | -11 -10 -------- Run | Yrd Mat Total Allies . | . . Largest Group . | . . Highest-Rated Group . | . . Highest-Rated Ally . | . . Total Orders . | . . Ally Attacks . | . . Total Damage . | . . Kills . | . . Allies Corrupted . | . . Allies Melted . | . . Intel | -11 -10 ------- Run | Yrd Mat Robot Analysis Total . | . . Derelict Logs Recovered . | . . Drone Launches . | . . Drone Recoveries . | . . Exploration | -11 -10 ------------- Run | Yrd Mat Turns Passed 382 | 42 340 Spaces Moved 225 | 36 189 Core 5 | 5 . Treads . | . . Legs . | . . Wheels 219 | 31 188 Hover . | . . Flight 1 | . 1 Fastest Speed 50 | 50 80 Average Speed 92 | 75 95 Slowest Speed 445 | 80 445 Overloaded Moves . | . . Propulsion Burnouts . | . . Robots Hopped . | . . Cave-ins Triggered . | . . Exploration Rate (%) 19 | 4 34 Regions Visited 1 Branch Regions . Pre-discovered Areas . | . . Known Exits Taken . | . . Unknown Exits Taken 1 | 1 . Scrap Searched . | . . Spaces Dug . | . . Terrain Destroyed . | . . Melee . | . . Projectile . | . . AOE . | . . Terrain Rammed . | . . Walls Destroyed . | . . Machines Disabled . | . . Actions | -11 -10 --------- Run | Yrd Mat Total 323 | 50 273 Wait 13 | . 13 Move 224 | 35 189 Hop . | . . Pick Up 26 | 9 17 Fast Attach 1 | . 1 Attach 9 | 6 3 Detach . | . . Swap 3 | . 3 Drop 1 | . 1 Fire 46 | . 46 Melee . | . . Ram . | . . Kick . | . . Crush . | . . Escape Stasis . | . . Rewire . | . . Trap . | . . Miscellaneous . | . . Route ------- -11/Scrapyard -10/Materials (discovered 1 exit: *Mat) History --------- Turn | Location | Event 20 | -11/Scrapyard | Discovered new exit (range 15) 43 | -11/Scrapyard | Entered Materials 143 | -10/Materials | Discovered new exit (range 12) 180 | -10/Materials | Identified exit to Materials 317 | -10/Materials | Build established: Mutant 318 | -10/Materials | Core integrity fell below 50% 371 | -10/Materials | Core integrity fell below 20% 383 | -10/Materials | Destroyed by G-47 Trooper with Particle Gun Last Messages --------------- 00337_ Dropped Wheel. 00338_ K-01 Serf collects debris. 00340_ Acquired Wheel. 00340_ K-01 Serf collects debris. 00343_ Acquired Wheel. 00344_ Ion Engine destroyed. 00344_ K-01 Serf collects debris. 00354_ Assault Rifle destroyed. 00356_ Acquired Wheel. 00357_ K-01 Serf collects debris. 00358_ Acquired Sensor Array. 00361_ K-01 Serf collects debris. 00363_ Acquired 87 matter. 00363_ Wheel destroyed. 00364_ K-01 Serf collects debris. 00365_ Acquired 14 matter. 00366_ Acquired 10 matter. 00368_ K-01 Serf cleans the Terminal. 00371_ K-01 Serf collects debris. 00377_ Acquired Flight Unit. Map ----- +----------------------------------------------------+ | ?????????????????????????????????????????????????? | | ?????????????????????????????????????????????????? | | ?????????????????????????????????????????????????? | | ?????????????????????????????????????????????????? | | ?????????????????????????????????????????????????? | | ??????????????????????#####??????????????????????? | | ??????????????????????# ??????????????????????? | | ??????????????????????# ??????????????????????? | | ??????????????????????# ??????????????????????? | | ??????????????????????# #??????????????????????? | | ??????????????????????# #??????????????????????? | | ??????????????????????# #??????????????????????? | | ??????????????????????+ #??????????????????????? | | ??????????????????????# #??????????????????????? | | ??????????????????????# #??????????????????????? | | ?????????????????????## ##?????????????????????? | | ??????????????######## ##########+##?????????? | | ?????????? #### ????????? | | ?????????# T ????????? | | ?????????# ^ %% ????????? | | ?????????# #### #############?????????? | | ??????????? ????#####g##### #???????????? | | ???????????????????# * # """ #???????????? | | ???????????????????# k + "Y #???????????? | | ???????????????????# # """ #???????????? | | ???????????????????#k * @ # ###########/# | | ???????????????????# ! "" # # | | ???????????????????# != T" # + | | ???????????????????# "" # """ # | | ???????????????????# # """ ###+######### | | ???????????????????########### """ # # | | ?????????????????????????????# # # | | ?????????????????????????????######### # | | ?????????????????????????????????????# ||| # | | ?????????????????????????????????????# |%| # | | ?????????????????????????????????????# | # | | ?????????????????????????????????###########+##### | | ?????????????????????????????????# ???# #???? | | ?????????????????????????????????# """ # #???? | | ?????????????????????????????????# """"" # #?### | | ?????????????????????????????????# """"" # #? | | ?????????????????????????????????# """"" # # | | ?????????????????????????????????# """ # # | | ?????????????????????????????????# # + | | ?????????????????????????????????# # # | | ???????????????????????????????#######+##### # | | ???????????????????????????????# + | | ???????????????????????????????# # | | ???????????????????????????????# #?? | | ???????????????????????????????# < ##+######+##### | +----------------------------------------------------+ Best States ------------- Heat Dissipation 25 Energy Generation 10 Energy Capacity 250 Matter Stores 300 Matter Capacity 300 Sight Range 16 Terrain Scan Density 10 Evasion (%) 44 Targeting Accuracy 5 Item Schematics ----------------- None Robot Schematics ------------------ None Fabricated ------------ Nothing Alien Tech Used ----------------- None Achievements -------------- None Challenges ------------ None Game ------ Seed LargePoweredMace Manual? 0 Play Time 00:06:07 Cumulative 32.4 hours Start 2024.09.03 @ 10:20:11 End 2024.09.03 @ 10:25:15 Sessions 1 Manual Loads 0 Difficulty Rogue Special Mode None Game No. 24 Rogue 24 Adventurer 0 Explorer 0 Win Type - Total 0 Types 0/0/0/0/0/0/0/0/0 Lore% 14 Gallery% 24 Achievement% 25 Wizard Run 0 Options --------- Layout 1 ASCII 0 Keyboard 0 Movement Mouse Keybinds 0 Fullscreen 1 Font 24/Smallcaps Map View 50x35 Zoom Use 0% Tactical HUD 1 Map Filters NONE Filters NONE Steam 1 RUN: 4e37a1b0-e13e-4e80-9c75-3b74a03a89fe